 Seeded DCSS version 0.29-a0-296-gda187f2 (webtiles) character file.

Game seed: 5136069808761854845 (custom seed)

17052 Buxparty the Nimble (level 12, -7/53 HPs)
             Began as a Kobold Earth Elementalist on Mar 18, 2022.
             Was an Elder of Hepliaklqana.
             Mangled by a boulder beetle (60 damage)
             ... on level 12 of the Dungeon on Mar 19, 2022.
             The game lasted 00:59:51 (16662 turns).

Buxparty the Nimble (Kobold Earth Elementalist)    Turns: 16662, Time: 00:59:51

Health: -7/53      AC:  8    Str:  7    XL:     12   Next: 77%
Magic:  22/25      EV: 19    Int: 20    God:    Hepliaklqana [****..]
Gold:   680        SH:  0    Dex: 15    Spells: 16/29 levels left

rFire   . . .      SeeInvis +   I - staff of earth
rCold   . . .      Faith    .   (shield currently unavailable)
rNeg    . . .      Spirit   .   P - +0 troll leather armour
rPois   .          Reflect  .   A - +2 hat {Will+}
rElec   +          Harm     .   U - scarf {repulsion}
rCorr   +          Rampage  .   n - +0 pair of gloves
Will    +....                   j - +0 pair of boots
Stlth   ++++......              (no amulet)
HPRegen 0.97/turn               O - ring of see invisible
MPRegen 0.19/turn               L - ring "Raatz" {Wiz rElec rCorr SInv}

@: repel missiles
A: reduced essence, small, no large weapons, nightstalker 3
a: Renounce Religion, Recall Ancestor, Ancestor Identity, Transference, Idealise


You were on level 12 of the Dungeon.
You worshipped Hepliaklqana.
Hepliaklqana was greatly pleased with you.
You visited 2 branches of the dungeon, and saw 14 of its levels.

You collected 680 gold pieces.

Inventory:

Hand Weapons
 g - a +4 spectral short sword
Missiles
 a - 165 stones
 Q - a throwing net
Armour
 b - a +0 robe
 f - a scarf of invisibility
 j - a +0 pair of boots (worn)
 n - a +0 pair of gloves (worn)
 q - a +0 helmet
 s - a +0 crystal plate armour
 A - a +2 hat of willpower (worn)
 P - a +0 troll leather armour (worn)
 U - a scarf of repulsion (worn)
Magical Staves
 I - a staff of earth (weapon)
Jewellery
 L - the ring "Raatz" (right hand) {Wiz rElec rCorr SInv}
   (You acquired it on level 12 of the Dungeon)

   [ring of wizardry]

   It improves your spell success rate.
   rElec:     It insulates you from electricity.
   SInv:      It lets you see invisible.
   rCorr:     It protects you from acid and corrosion.
 N - an amulet of the acrobat
 O - a ring of see invisible (left hand)
Wands
 r - a wand of paralysis (16)
 y - a wand of flame (21)
 H - a wand of iceblast (12)
Scrolls
 e - 4 scrolls of fear
 k - 3 scrolls of vulnerability
 m - 2 scrolls of fog
 p - 2 scrolls of brand weapon
 t - 2 scrolls of teleportation
 u - 4 scrolls of amnesia
 v - 4 scrolls of enchant weapon
 w - 3 scrolls of enchant armour
 D - a scroll of silence
 F - 2 scrolls of blinking
 J - a scroll of magic mapping
 M - a scroll of identify
Potions
 c - a potion of magic
 d - a potion of attraction
 h - 3 potions of curing
 i - 2 potions of might
 l - 2 potions of flight
 o - a potion of invisibility
 x - a potion of mutation
 z - 2 potions of degeneration
 B - 2 potions of ambrosia
 C - a potion of haste
 E - a potion of lignification {unknown}
 G - a potion of berserk rage {unknown}
 K - a potion of cancellation {unknown}
Miscellaneous
 R - a condenser vane


   Skills:
 + Level 10.9 Dodging
 - Level 6.5 Stealth
 + Level 9.3 Spellcasting
 + Level 7.8 Conjurations
 + Level 2.6 Translocations
 - Level 7.2 Transmutations
 + Level 9.5 Earth Magic
 + Level 6.2 Evocations


You had 16 spell levels left.
You knew the following spells:

 Your Spells              Type           Power      Damage    Failure   Level
a - Sandblast             Erth           100%       2d20      1%          1
b - Stone Arrow           Conj/Erth      100%       3d13      1%          3
c - Lee's Rapid Deconstr  Erth           31%        3d17*     2%          5
d - Iskenderun's Mystic   Conj/Tloc      30%        2d8       5%          4

Your spell library contained the following spells:

 Spells                   Type           Power      Damage    Failure   Level
 Beastly Appendage        Tmut           76%        N/A       1%          1
 Passwall                 Tmut/Erth      49%        N/A       1%          2
 Wereblood                Tmut           38%        N/A       1%          2
 Petrify                  Tmut/Erth      59%        N/A       1%          4
 Spider Form              Tmut/Pois      23%        N/A       3%          3
 Leda's Liquefaction      Hex/Erth       21%        N/A       6%          4
 Blade Hands              Tmut           19%        N/A       6%          5
 Irradiate                Conj/Tmut      19%        3d19      6%          5
 Sublimation of Blood     Necr           9%         N/A       7%          2
 Portal Projectile        Hex/Tloc       28%        N/A       9%          3
 Fulminant Prism          Conj/Hex       12%        3d9       9%          4
 Ice Form                 Ice/Tmut       23%        N/A       11%         4
 Call Canine Familiar     Summ           9%         N/A       13%         3
 Borgnjor's Vile Clutch   Necr/Erth      21%        N/A       17%         5
 Alistair's Intoxication  Tmut/Pois      15%        N/A       26%         5
 Animate Dead             Necr           4%         N/A       38%         4
 Summon Ice Beast         Ice/Summ       9%         N/A       38%         4
 Excruciating Wounds      Necr           4%         N/A       73%         5
 Eringya's Noxious Bog    Tmut/Pois      11%        N/A       80%         6
 Death Channel            Necr           4%         N/A       99%         6


Dungeon Overview and Level Annotations

Branches:
Dungeon (13/15)            Temple (1/1) D:4            Lair (0/6) D:11
    Orc (0/2) D:10
 Vaults: D:13-14

Altars:
Ashenzari
Cheibriados
Dithmenos
Elyvilon
Fedhas
Gozag
Hepliaklqana
Kikubaaqudgha
Makhleb
Nemelex Xobeh
Okawaru
Qazlal
Ru
Sif Muna
Trog
Uskayaw
Vehumet
Wu Jian
Xom
Yredelemnul
Zin
The Shining One

Shops:
D:6 [   D:9 *

Annotations:
D:8 2 runed translucent doors
D:9 1 transporter, edsrzf's ghost, journeyman DjWn


Innate Abilities, Weirdness & Mutations

Your life essence is reduced to manifest your ancestor. (-10% HP)
You are small and have problems with some larger weapons.
You are completely attuned to the shadows.


Message History

The boulder beetle stops rolling and uncurls.
Casting: Sandblast (safe; 1% risk of failure)
Confirm with . or Enter, or press ? or * to list all spells.
Aiming: Sandblast (safe; 1% risk of failure)
Press: ? - help, Shift-Dir - straight line, f/p - boulder beetle
Aim: a boulder beetle (moderately wounded, 100% to hit)
You feel a surge of power!
The blast of sand hits the boulder beetle but does no damage.
The boulder beetle is moderately wounded.
Casting: Sandblast (safe; 1% risk of failure)
Confirm with . or Enter, or press ? or * to list all spells.
Aiming: Sandblast (safe; 1% risk of failure)
Press: ? - help, Shift-Dir - straight line, f/p - boulder beetle
Aim: a boulder beetle (moderately wounded, 100% to hit)
You feel a surge of power!
The blast of sand hits the boulder beetle but does no damage.
The boulder beetle is moderately wounded.
The boulder beetle curls into a ball and begins rolling!
The boulder beetle attacks as you move away!
The boulder beetle barely misses you.
The boulder beetle stops rolling and uncurls.
The boulder beetle curls into a ball and begins rolling!
The boulder beetle closely misses you.
The boulder beetle stops rolling and uncurls.
The boulder beetle curls into a ball and begins rolling!
The boulder beetle attacks as you move away!
The boulder beetle completely misses you.
The boulder beetle stops rolling and uncurls.
There is a stone staircase leading up here.
The boulder beetle completely misses you.
You climb upwards.
There is a stone staircase leading down here.
The boulder beetle curls into a ball and begins rolling!
The boulder beetle completely misses you.
The boulder beetle stops rolling and uncurls.
The boulder beetle curls into a ball and begins rolling!
There is a stone staircase leading down here.
The boulder beetle hits you!!!
Ouch! That really hurt!
You die...

##.# ####.# #.# #....# #.####
#.#### ###....# #.#
.#####.#######B# ..#
#.......○.# #.# ###.....#####
##### #.# #.###.°○B.##
######...# #.## ##.#
#####@.####........#
#..####..# ##.......####†###
##......#######..#..#######.#
#####..........###.# #.)..#
####.....######## #.# #...##
#......#....).#####.# #...#
.)...########....##.####...#
#.#### #............^..# #.#
###.####....###...#


You could see a boulder beetle (rolling).

Vanquished Creatures
  Gastronok (D:8)
  Harold (D:11)
  3 two-headed ogres
  A deep elf pyromancer (D:7)
  An ugly thing (D:11)
  A gargoyle (D:12)
  2 kobold demonologists
  2 unseen horrors (D:10)
  2 komodo dragons (D:11)
  3 trolls (D:11)
  A hornet (D:9)
  5 yaks
  A shadow (D:12)
  2 wraiths (D:11)
  A wyvern (D:8)
  A basilisk (D:12)
  A steam dragon (D:8)
  4 vampire mosquitoes (D:12)
  3 orc warriors
  3 black bears
  An ice beast (D:5)
  A sky beast (D:7)
  A swamp drake (D:11)
  2 ogres
  6 centaurs
  A lemure (D:6)
  A phantom (D:6)
  2 kobold brigands
  2 gnoll sergeants
  5 bullfrogs
  2 necrophages
  A water moccasin zombie (D:4)
  3 scorpions
  A water moccasin skeleton (D:4)
  A killer bee (D:9)
  8 howler monkeys
  4 jellies
  4 orc priests (D:10)
  6 hounds
  3 iguanas
  Natasha (twice) (D:3)
  8 orc wizards
  A hound zombie (D:4)
  A howler monkey zombie (D:4)
  7 gnolls
  8 adders
  A shadow imp (D:8)
  2 ufetubi
  3 adder zombies (D:4)
  An adder skeleton (D:4)
  2 worms
  3 dart slugs (D:3)
  27 orcs
  6 ball pythons
  7 endoplasms
  3 giant cockroaches
  4 goblins
  4 hobgoblins
  6 quokkas
  10 bats
  3 frilled lizards
  17 kobolds
  2 rats
222 creatures vanquished.

Vanquished Creatures (collateral kills)
  2 two-headed ogres
  Pikel (D:6)
  An ugly thing (D:9)
  A gargoyle (D:12)
  An efreet (D:12)
  A komodo dragon (D:12)
  Sigmund (D:6)
  A wyvern (D:11)
  A yak (D:11)
  A wraith (D:12)
  A basilisk (D:11)
  A warg (D:10)
  An orc warrior (D:11)
  A scorpion (D:6)
  7 killer bees
  A hound (D:7)
  An iguana (D:5)
  3 orcs
  A goblin (D:10)
28 creatures vanquished.

Vanquished Creatures (others)
  2 knights
  2 ancestors (D:5)
  A withered plant (D:4)
5 creatures vanquished.

Grand Total: 255 creatures vanquished

Notes
Turn   | Place    | Note
-------+----------+-------------------------------------------
     0 | D:1      | Buxparty the Kobold Earth Elementalist began the quest for
                  | the Orb.
     0 | D:1      | Reached XP level 1. HP: 10/10 MP: 3/3
   366 | D:1      | Reached XP level 2. HP: 15/15 MP: 1/5
  1116 | D:1      | Reached XP level 3. HP: 19/19 MP: 4/6
  1408 | D:1      | Found a faded altar of an unknown god.
  1526 | D:1      | Upgraded the game from 0.29-a0-294-g83ea962 to
                  | 0.29-a0-296-gda187f2
  1819 | D:2      | Found a blossoming altar of Fedhas.
  1957 | D:2      | Reached skill level 3 in Dodging
  2095 | D:2      | Reached XP level 4. HP: 24/24 MP: 5/8
  3279 | D:3      | Reached XP level 5. HP: 24/28 MP: 3/9
  3432 | D:3      | Noticed Natasha
  3435 | D:3      | Killed Natasha
  3541 | D:3      | Noticed Natasha
  3545 | D:3      | Killed Natasha
  3929 | D:4      | Found a shadowy altar of Dithmenos.
  3974 | D:4      | Noticed a black bear
  3992 | D:4      | Reached XP level 6. HP: 29/32 MP: 3/10
  4133 | D:4      | Reached skill level 4 in Dodging
  4256 | D:4      | Killed a black bear
  4257 | D:4      | Reached skill level 5 in Stealth
  4257 | D:4      | Reached XP level 7. HP: 36/36 MP: 9/12
  4504 | D:4      | Found a staircase to the Ecumenical Temple.
  4512 | Temple   | Entered the Ecumenical Temple
  4664 | Temple   | Became a worshipper of Hepliaklqana the Forgotten
  5288 | D:5      | Entered Level 5 of the Dungeon
  5644 | D:5      | Found a radiant altar of Vehumet.
  5712 | D:5      | Reached skill level 5 in Dodging
  5712 | D:5      | Reached XP level 8. HP: 18/41 MP: 5/14
  5930 | D:5      | Found a broken altar of Ashenzari.
  6404 | D:5      | Reached * piety under Hepliaklqana
  6416 | D:5      | Reached skill level 5 in Earth Magic
  6463 | D:5      | Noticed a gargoyle
  6570 | D:5      | Learned a level 3 spell: Stone Arrow
  7044 | D:6      | Found Toner's Armour Emporium.
  7102 | D:6      | Reached skill level 1 in Conjurations
  7156 | D:6      | Reached skill level 5 in Spellcasting
  7229 | D:6      | Noticed Sigmund
  7233 | D:6      | Killed Sigmund
  7234 | D:6      | Reached skill level 6 in Dodging
  7234 | D:6      | Reached XP level 9. HP: 40/40 MP: 12/16
  7291 | D:6      | Found a bloodstained altar of Trog.
  7292 | D:6      | Found a sparkling altar of Nemelex Xobeh.
  7317 | D:6      | Noticed Pikel
  7358 | D:6      | Killed Pikel
  7359 | D:6      | Reached skill level 5 in Transmutations
  7564 | D:6      | Found a sacrificial altar of Ru.
  7950 | D:6      | Reached skill level 7 in Dodging
  8163 | D:6      | Found an iron altar of Okawaru.
  8438 | D:7      | Noticed a deep elf pyromancer
  8441 | D:7      | Killed a deep elf pyromancer
  8677 | D:7      | Reached ** piety under Hepliaklqana
  8678 | D:7      | Remembered your ancestor Xochitl as a knight
  8795 | D:7      | Reached XP level 10. HP: 45/45 MP: 12/19
  8901 | D:7      | Found a white marble altar of Elyvilon.
 10554 | D:8      | Noticed Gastronok
 10564 | D:8      | Killed Gastronok
 10565 | D:8      | Reached skill level 8 in Dodging
 10565 | D:8      | Reached skill level 5 in Conjurations
 10894 | D:8      | You fall into a shaft and drop 2 floors!
 10894 | D:10     | Entered Level 10 of the Dungeon
 10894 | D:10     | Reached *** piety under Hepliaklqana
 11079 | D:10     | Noticed a two-headed ogre
 11316 | D:9      | Found a transporter.
 11326 | D:9      | Noticed a two-headed ogre
 11326 | D:9      | Noticed a two-headed ogre
 11327 | D:9      | Noticed edsrzf's ghost (journeyman DjWn)
 11327 | D:9      | Noticed a two-headed ogre
 11462 | D:8      | Reached XP level 11. HP: 48/48 MP: 9/22
 11922 | D:8      | Found a large runed translucent door.
 11922 | D:8      | Found a large runed translucent door.
 12553 | D:9      | Noticed a purple ugly thing
 12557 | D:9      | Killed a purple ugly thing
 12558 | D:9      | Reached skill level 9 in Dodging
 12558 | D:9      | Reached skill level 1 in Evocations
 12726 | D:9      | Found Keiq's Elemental Accessories.
 12944 | D:10     | Noticed a two-headed ogre
 12946 | D:10     | Killed a two-headed ogre
 13202 | D:10     | Reached **** piety under Hepliaklqana
 13255 | D:10     | Found a staircase to the Orcish Mines.
 13322 | D:10     | Killed a two-headed ogre
 13720 | D:11     | Noticed a two-headed ogre
 13722 | D:11     | Killed a two-headed ogre
 14319 | D:11     | Learned a level 5 spell: Lee's Rapid Deconstruction
 14392 | D:11     | Noticed a green ugly thing
 14397 | D:11     | Killed a green ugly thing
 14398 | D:11     | Reached skill level 10 in Dodging
 14499 | D:11     | Reached XP level 12. HP: 53/53 MP: 14/24
 14740 | D:11     | Noticed Harold
 14744 | D:11     | Killed Harold
 14945 | D:11     | Reached skill level 5 in Evocations
 15049 | D:11     | Found a staircase to the Lair.
 15058 | D:11     | Learned a level 4 spell: Iskenderun's Mystic Blast
 15066 | D:11     | Got the Collected Works on Shifting Ice
 15279 | D:12     | Noticed a two-headed ogre
 15374 | D:12     | Reached skill level 1 in Translocations
 15507 | D:12     | Killed a two-headed ogre
 15906 | D:12     | Identified a scroll of acquirement
 15906 | D:12     | Acquired the ring "Raatz" {Wiz rElec rCorr SInv}
 16109 | D:12     | Noticed a two-headed ogre
 16333 | D:12     | Killed a two-headed ogre
 16584 | D:13     | Identified the +9 mace of the Demagogue {speed, Str+7
                  | Int-5}
 16638 | D:13     | Noticed a boulder beetle
 16662 | D:12     | Mangled by a boulder beetle

Illustrated notes

Levels and vault maps discovered:
D:1:      mushboom_english_gardens, layout_loops_corners,
          shapermc_ecumenical_altar_pompeii, nicolae_wormholes
D:2:      layout_loops_corners, basic_altar, serial_bayou_pond_b
D:3:      layout_loops_cross, uniq_natasha
D:4:      layout_loops_ring, grunt_dithmenos_smoke,
          minmay_temple_entry_statues_pillars, serial_undead, serial_undead_b,
          serial_undead_c, serial_undead_d, serial_undead_c,
          chequers_serial_rivers_large_b
D:5:      layout_cave_pools, mainiacjoe_overflow_chevrons,
          vehumet_altar_wand_db, glass_columns_a,
          minmay_fractal_squares_gapless_5
D:6:      layout_rooms, chequers_temple_overflow_statue_of_worship,
          hangedman_ru_absence, mainiacjoe_overflow_alcove_1, serial_shops,
          nicolae_stop_n_shop_2, uniq_pikel, uniq_sigmund
D:7:      layout_layer_cave, elyvilon_altar_4
D:8:      layout_cave_pods, ebering_ghost_disaster_area, uniq_gastronok
D:9:      layout_cave_pools, gammafunk_ghost_smash, nicolae_elemental_shop,
          small_chamber_with_monster
D:10:     layout_cave_pools, erik_orc_4
D:11:     layout_roguey, erik_lair_dragon, uniq_harold
D:12:     layout_rooms
D:13:     layout_stronghold, david_vaults_4
Temple:   jpeg_temple_clearing

Skill      XL: |  1  2  3  4  5  6  7  8  9 10 11 12 |
---------------+-------------------------------------+-----
Stealth        | 3 4 5 6 |  6.5
Dodging        | 3 4 5 6 7 8 10 | 10.9
Transmutations | 2 3 4 5 7 |  7.2
Spellcasting   | 3 4 5 6 7 8 9 |  9.3
Earth Magic    | 4 5 6 7 8 9 |  9.5
Conjurations   | 1 3 5 6 7 |  7.8
Evocations     | 4 6 |  6.2
Translocations | 2 |  2.6

Action                   |  1- 3 |  4- 6 |  7- 9 | 10-12 || total
-------------------------+-------+-------+-------+-------++-------
Melee: Staff             |       |       |       |     1 ||     1
 Cast: Sandblast         |    46 |    81 |   108 |    95 ||   330
       Stone Arrow       |       |       |    27 |   177 ||   204
Invok: Ancestor Life: Kn |       |       |     1 |       ||     1
       Ancestor Identity |       |       |     1 |       ||     1
  Use: Scroll            |       |     4 |     2 |    21 ||    27
       Potion            |       |     1 |     3 |     6 ||    10
Armor: Robe              |     2 |     6 |    12 |    10 ||    30
       Troll leather arm |       |       |       |     1 ||     1
Dodge: Dodged            |    20 |    32 |    70 |    93 ||   215

Table legend: (Time is in decaauts)
 A = Elapsed time spent in this place.
 B = Non-inter-level travel time spent in this place.
 C = Inter-level travel time spent in this place.
 D = Time resting spent in this place.
 E = Time spent auto-exploring this place.
 F = Levels seen in this place.
 G = Mean time per level.
                   A        B        C        D        E       F      G
               +--------+--------+--------+--------+--------+-----+--------+
         Total |  16728 |  16233 |    495 |   1321 |  13238 |  14 | 1194.9 |
       Dungeon |  16553 |  16100 |    453 |   1321 |  13121 |  13 | 1273.3 |
        Temple |    174 |    132 |     42 |      0 |    117 |   1 |  174.0 |
               +--------+--------+--------+--------+--------+-----+--------+

Top non-repeatable levels by time:
     D:4: 1757 daAuts
    D:11: 1658 daAuts
     D:7: 1651 daAuts
     D:1: 1578 daAuts
     D:8: 1527 daAuts
     D:5: 1419 daAuts
     D:6: 1274 daAuts
    D:12: 1244 daAuts
     D:2: 1138 daAuts
     D:9: 1079 daAuts
    D:10: 1079 daAuts
     D:3: 1041 daAuts
  Temple: 174 daAuts
    D:13: 102 daAuts
